AoeStats
← zw0819

Arabia

510510486Analyzed
1v1 RM · 1d ago on Oct 1, 2026· 18m 55s· 2 players
Game mode
Random Map
Map size
Tiny (2 player)
Population
200
Speed
Normal
Resources
Standard
Victory
Conquest
Starting age
Dark Age
Ending age
Imperial Age
RankedLock teamsTeams togetherTeam positionsShared explorationLock speedFull tech treeHidden civsTurbo modeCheats
Victory
Defeat
🇨🇿 Maya · Czechia
1002
+16
🇨🇳 Chinese · China
1000
-48
zw0819
11:38 Feudal Age
12:55 Wheelbarrow
17:01 Man-at-Arms
Diablo
0:35 Loom
8:56 Feudal Age
11:59 Double-Bit Axe
16:18 Padded Archer Armor
16:11 Fletching
17:19 Padded Archer Armor
18:28 Gold Mining
Connection lost

Rejoining the realm…

Still unreachable

The connection could not be restored.

Session expired

The server has moved on; the page needs a fresh start.